 Dungeon Crawl Stone Soup version 0.30-a0-878-gc727b3d3d6 (webtiles) character file.

Game seed: 11358164579794206059

2151 pecorinoman the Thaumaturge (level 9, -11/65 HPs)
             Began as a Djinni Wanderer on Mar 12, 2023.
             Mangled by Prince Ribbit (16 damage)
             ... on level 7 of the Dungeon.
             The game lasted 00:16:25 (6775 turns).

pecorinoman the Thaumaturge (Djinni Wanderer)       Turns: 6775, Time: 00:16:25

Health: -11/65     AC:  4    Str:  7    XL:     9   Next: 56%
Gold:   400        EV: 11    Int: 22    God:
                   SH:  0    Dex: 13

rFire   + + +      SeeInvis .    k - +2 dagger (venom)
rCold   . . .      Faith    +    (no shield)
rNeg    . . .      Spirit   .    e - +0 robe
rPois   ∞          Reflect  .    x - +1 helmet
rElec   .          Rampage  .    w - scarf {rC+ rF+}
rCorr   .                        (no gloves)
Will    .....                    (boots unavailable)
Stlth   +                        m - amulet of faith
HPRegen 0.30/turn                (no ring)
MPRegen 0.00/turn                (no ring)

@: flying
A: sickness immunity, fire resistance 2, cold vulnerability 1, float, innate
caster, HP casting, extra vitality 1
a: no special abilities


You were on level 7 of the Dungeon.
You visited 1 branch of the dungeon, and saw 7 of its levels.

You collected 400 gold pieces.

Inventory:

Hand Weapons
 a - a +2 quarterstaff
 c - a +0 dagger
 k - a +2 dagger of venom (weapon)
Missiles
 b - 35 poisoned darts (quivered)
Armour
 e - a +0 robe (worn)
 w - a scarf of resistance (worn)
 x - a +1 helmet (worn)
Jewellery
 h - a ring of resist corrosion
 m - an amulet of faith (around neck)
Wands
 s - a wand of iceblast (18)
 D - a wand of charming (8)
Scrolls
 f - 7 scrolls of teleportation {unknown}
 g - a scroll of vulnerability {unknown}
 i - a scroll of brand weapon {unknown}
 j - a scroll of summoning {unknown}
 p - 7 scrolls of identify {unknown}
 v - a scroll of amnesia {unknown}
 y - 3 scrolls of immolation {unknown}
 A - 2 scrolls of enchant weapon {unknown}
 E - a scroll of torment {unknown}
 H - a scroll of noise {unknown}
 I - a scroll of enchant armour {unknown}
Potions
 d - a potion of haste
 l - 2 potions of mutation {unknown}
 n - a potion of heal wounds {unknown}
 o - 2 potions of brilliance {unknown}
 q - 3 potions of curing {unknown}
 r - a potion of berserk rage {unknown}
 t - a potion of cancellation {unknown}
 u - 2 potions of ambrosia {unknown}
 z - 2 potions of magic {unknown}
 B - a potion of flight {unknown}
 C - 2 potions of attraction {unknown}
 F - a potion of might {unknown}
 G - a potion of invisibility {unknown}


   Skills:
 + Level 5.1 Fighting
 - Level 2.0 Staves
 - Level 4.2 Throwing
 * Level 8.3 Spellcasting
 - Level 1.3 Evocations


You knew the following spells:

 Your Spells              Type           Power      Damage    Failure   Level
a - Ignite Poison         Fire/Tmut/Pois 46%        N/A       1%          3
b - Sting                 Tmut/Pois      100%       1d8       1%          1
c - Beastly Appendage     Tmut           92%        N/A       1%          1
d - Call Imp              Summ           46%        N/A       1%          2
e - Kindle Blastsparks    Fire/Tloc/Air  92%        2d17      1%          3
f - Sticky Flame          Conj/Fire      46%        2d6       2%          4

Your spell library contained the following spells:

 Spells                   Type           Power      Damage    Failure   Level


Dungeon Overview and Level Annotations

Branches:
Dungeon (7/15)
 Temple: D:4-7

Altars:
Zin
The Shining One

Shops:
D:2 (

Annotations:
D:7 Prince Ribbit


Innate Abilities, Weirdness & Mutations

You are immune to sickness and miasma.
You are immune to poison.
Your flesh is very heat resistant. (rF++)
You are vulnerable to cold. (rC-)
You float through the air rather than walking.
You learn spells naturally, not from books.
Your magical power is your life essence.
You have superior vitality. (+4 MHP)


Message History

Unknown command.
Casting: Kindle Blastsparks (safe; 1% risk of failure)
Confirm with . or Enter, or press ? or * to list all spells.
Aiming: Sticky Flame (dangerous; 2% risk of failure)
Press: ? - help, Shift-Dir - straight line, f - bullfrog
Aim: a bullfrog (heavily wounded)
The sticky flame hits the bullfrog.
The bullfrog is severely wounded.
The bullfrog is covered in liquid flames!
The bullfrog burns!
The bullfrog hits you.
The bullfrog burns!
You kill the bullfrog!
Prince Ribbit hits you!
Casting: Sticky Flame (dangerous; 2% risk of failure)
Confirm with . or Enter, or press ? or * to list all spells.
Aiming: Sticky Flame (dangerous; 2% risk of failure)
Press: ? - help, Shift-Dir - straight line, f - Prince Ribbit
Aim: Prince Ribbit The sticky flame hits Prince Ribbit.
Prince Ribbit is lightly wounded.
Prince Ribbit is covered in liquid flames!
Prince Ribbit burns!
Prince Ribbit hits you!
* * * LOW HITPOINT WARNING * * *
Unknown command.
Unknown command.
Unknown command.
Unknown command.
Okay, then.
Okay, then.
Casting: Sticky Flame (dangerous; 2% risk of failure)
Confirm with . or Enter, or press ? or * to list all spells.
Aiming: Sticky Flame (dangerous; 2% risk of failure)
Press: ? - help, Shift-Dir - straight line, f/p - Prince Ribbit
Aim: Prince Ribbit (moderately wounded, covered in liquid flames)
The sticky flame hits Prince Ribbit!
Prince Ribbit is heavily wounded.
Prince Ribbit is covered in liquid flames!
* * * LOW HITPOINT WARNING * * *
Prince Ribbit burns!
Prince Ribbit hits you!
You die...

.. #.# .. ##.#
#.. # ##.##
...#####..†#
###....#.#F##
.......)†#.@#
........###)##
.[....F.. #..#
.......#.###.##
....... .. #..#
.......
#.###.##
....§.. .. #..#
......#
#.###.## ..
#..#


You could see Prince Ribbit (burning).

Vanquished Creatures
  Eustachio (D:5)
  Edmund (D:5)
  A sky beast (D:6)
  A black bear (D:4)
  An ice beast (D:5)
  3 ogres
  A centaur (D:4)
  2 phantoms
  3 bullfrogs
  4 orc priests
  2 hounds
  7 iguanas
  A sleepcap (D:6)
  Ijyb (D:3)
  Natasha (thrice) (D:2)
  7 orc wizards
  4 adders
  2 shadow imps (D:3)
  3 white imps
  An ufetubus (D:6)
  2 worms
  A dart slug (D:3)
  13 orcs
  8 ball pythons
  9 endoplasms
  3 giant cockroaches
  6 goblins
  8 hobgoblins
  7 jackals
  4 bats
  4 frilled lizards
  5 kobolds
  7 rats
126 creatures vanquished.

Vanquished Creatures (collateral kills)
  3 jellies
  A gnoll (D:2)
  2 adders (D:2)
  4 orcs
  A ball python (D:2)
  A hobgoblin (D:4)
  A jackal (D:2)
  A quokka (D:2)
14 creatures vanquished.

Grand Total: 140 creatures vanquished

Notes
Turn   | Place    | Note
-------+----------+-------------------------------------------
     0 | D:1      | pecorinoman the Djinni Wanderer began the quest for the
                  | Orb.
     0 | D:1      | pecorinoman set off with the following items: a +2
                  | quarterstaff, 10 poisoned darts, a +0 dagger, a potion of
                  | haste, a +0 robethe following spells memorised: Ignite
                  | Poison, Sting.
     0 | D:1      | Reached XP level 1. HP: 15/15 MP: 0/0
   186 | D:1      | Reached XP level 2. HP: 20/21 MP: 0/0
   529 | D:1      | Reached skill level 2 in Spellcasting
   538 | D:1      | Reached XP level 3. HP: 22/25 MP: 0/0
   538 | D:1      | Learned a level 1 spell: Beastly Appendage
  1171 | D:2      | Reached XP level 4. HP: 17/31 MP: 0/0
  1273 | D:2      | Reached skill level 1 in Fighting
  1287 | D:2      | Found Agememm's Antique Weapon Boutique.
  1370 | D:2      | Noticed Natasha
  1375 | D:2      | Killed Natasha
  1571 | D:2      | Noticed Natasha
  1575 | D:2      | Killed Natasha
  1576 | D:2      | Reached skill level 3 in Spellcasting
  1576 | D:2      | Reached XP level 5. HP: 27/37 MP: 0/0
  1576 | D:2      | Learned a level 2 spell: Call Imp
  1737 | D:2      | Noticed Natasha
  1743 | D:2      | Killed Natasha
  2351 | D:3      | Found a transporter.
  2358 | D:3      | Found a transporter.
  2442 | D:3      | Noticed Ijyb
  2447 | D:3      | Killed Ijyb
  2448 | D:3      | Reached XP level 6. HP: 38/43 MP: 0/0
  2873 | D:3      | Reached skill level 4 in Spellcasting
  3092 | D:4      | Reached XP level 7. HP: 29/50 MP: 0/0
  3092 | D:4      | Learned a level 3 spell: Kindle Blastsparks
  3251 | D:4      | Reached skill level 5 in Spellcasting
  3709 | D:4      | Reached XP level 8. HP: 52/58 MP: 0/0
  3834 | D:5      | Entered Level 5 of the Dungeon
  3851 | D:5      | Noticed Edmund
  3864 | D:5      | Killed Edmund
  3941 | D:5      | Reached skill level 6 in Spellcasting
  4838 | D:5      | Noticed Eustachio
  4868 | D:5      | Killed Eustachio
  4869 | D:5      | Reached skill level 7 in Spellcasting
  4869 | D:5      | Reached XP level 9. HP: 32/63 MP: 0/0
  4869 | D:5      | Learned a level 4 spell: Sticky Flame
  5106 | D:5      | Found a glowing silver altar of Zin.
  6138 | D:6      | Reached skill level 5 in Fighting
  6138 | D:6      | Reached skill level 8 in Spellcasting
  6284 | D:6      | Found a glowing golden altar of the Shining One.
  6768 | D:7      | Noticed Prince Ribbit
  6775 | D:7      | Mangled by Prince Ribbit

Illustrated notes

Levels and vault maps discovered:
D:1:      nagdon_arrival_zigzag_paths, layout_basic
D:2:      layout_loops_cross, serial_shops, shop, minmay_octomino_e4,
          uniq_natasha
D:3:      gammafunk_wand_slinger, layout_basic, uniq_ijyb
D:4:      layout_loops_ring, st_stairs_12, solitary_fountain
D:5:      layout_loops_ring, zin_statuary, uniq_edmund, uniq_eustachio
D:6:      layout_loops_ring, lemuel_crystal_altar
D:7:      layout_rooms, minmay_temple_entry_gardened_gates, serial_glass,
          glass_columns_a, glass_columns_a, nicolae_benzene_ring, minivault_14,
          grunt_ministairs_8, uniq_prince_ribbit1, uniq_crazy_yiuf_cottage

Skill      XL: |  1  2  3  4  5  6  7  8  9 |
---------------+----------------------------+-----
Staves         | 2 |  2.0
Spellcasting   | 2 3 4 5 7 8 |  8.3
Fighting       | 1 2 3 4 5 |  5.1
Throwing       | |  4.2
Evocations     | |  1.3

Action                     |  1- 3 |  4- 6 |  7- 9 || total
---------------------------+-------+-------+-------++-------
  Melee: Quarterstaff      |    35 |       |       ||    35
         Dagger            |    31 |    82 |    88 ||   201
         Punch             |       |     1 |     3 ||     4
   Cast: Sting             |    15 |     7 |     1 ||    23
         Ignite Poison     |     3 |    11 |    18 ||    32
         Call Imp          |       |     8 |     6 ||    14
         Kindle Blastspark |       |       |    32 ||    32
         Sticky Flame      |       |       |    13 ||    13
   Stab: Sleeping          |       |     1 |       ||     1
 Armour: Robe              |    11 |    23 |    41 ||    75
  Dodge: Dodged            |    45 |    70 |    74 ||   189

Table legend: (Time is in decaauts)
 A = Elapsed time spent in this place.
 B = Non-inter-level travel time spent in this place.
 C = Inter-level travel time spent in this place.
 D = Time resting spent in this place.
 E = Time spent auto-exploring this place.
 F = Levels seen in this place.
 G = Mean time per level.
                   A        B        C        D        E       F      G
               +--------+--------+--------+--------+--------+-----+--------+
         Total |   6780 |   6552 |    228 |   1513 |   3987 |   7 |  968.6 |
       Dungeon |   6780 |   6552 |    228 |   1513 |   3987 |   7 |  968.6 |
               +--------+--------+--------+--------+--------+-----+--------+

Top non-repeatable levels by time:
     D:5: 1484 daAuts
     D:6: 1227 daAuts
     D:1: 1073 daAuts
     D:3: 983 daAuts
     D:2: 983 daAuts
     D:4: 798 daAuts
     D:7: 229 daAuts
